 Dungeon Crawl Stone Soup version 0.16-a0-3308-g116f5c4 (webtiles) character file.

81 PolkaDot the Caller (level 4, -2/35 HPs)
             Began as a Vampire Summoner on Dec 26, 2014.
             Slain by Natasha (5 damage)
             ... on level 3 of the Dungeon.
             The game lasted 00:03:51 (1757 turns).

PolkaDot the Caller (Vampire Summoner)              Turns: 1757, Time: 00:03:51

Health: -2/35      AC:  4    Str:  7    XL:     4   Next: 20%
Magic:  7/7        EV: 12    Int: 18    God:
Gold:   130        SH:  0    Dex: 14    Spells: 3 memorised, 1 level left

rFire  . . .     SeeInvis +     c - +0 short sword
rCold  . . .     Clarity  +     a - +0 robe
rNeg   . . .     SustAb   .     (no shield)
rPois  .         Gourm    .     (no helmet)
rElec  .         Spirit   .     (no cloak)
rCorr  .         Warding  .     q - +0 pair of gloves
rMut   .         Stasis   .     g - +0 pair of boots
MR     .....                    l - amulet of clarity
Stlth  +++.......               (no ring)
                                e - ring of stealth

@: very slightly contaminated, regenerating quickly, not resistant to hostile
enchantments, fairly stealthy
A: bottle blood, fangs 3, see invisible, unbreathing
a: no special abilities


You were on level 3 of the Dungeon.
You were very full.

You visited 1 branch of the dungeon, and saw 3 of its levels.

You collected 130 gold pieces.

Inventory:

Hand weapons
 c - a +0 short sword (weapon)
Armour
 a - a +0 robe (worn)
 g - a +0 pair of boots (worn)
 q - a +0 pair of gloves (worn)
Jewellery
 e - a ring of stealth (left hand)
 l - an amulet of clarity (around neck)
Scrolls
 f - 2 scrolls of teleportation {unknown}
 i - a scroll of identify {unknown}
 k - a scroll of remove curse {unknown}
 m - a scroll of fear {unknown}
 n - a scroll of immolation {unknown}
 o - a scroll of blinking {unknown}
 p - a scroll of recharging {unknown}
Potions
 d - a potion of magic
 h - 4 potions of blood {@*1}
 j - a potion of resistance {unknown}
Books
 b - a book of Callings

   Spells                             Type                      Level
   a - Summon Small Mammal            Summoning                    1
   b - Call Imp                       Summoning                    2
   c - Call Canine Familiar           Summoning                    3
   d - Summon Guardian Golem          Hexes/Summoning              4
   e - Summon Lightning Spire         Summoning/Air                4
   f - Summon Ice Beast               Ice/Summoning                4


   Skills:
 * Level 3.1 Fighting
 - Level 2.1 Dodging
 - Level 3.0 Stealth
 - Level 2.0 Spellcasting
 + Level 4.4 Summonings


You had one spell level left.
You knew the following spells:

 Your Spells              Type           Power        Failure   Level  Hunger
d - Call Canine Familiar  Summ           ###.....     12%         3    ###....
s - Call Imp              Summ           ###.....     6%          2    ###....
z - Summon Small Mammal   Summ           ###.         3%          1    #......


Dungeon Overview and Level Annotations

Branches:
Dungeon (3/15)

Altars:

Annotations:
D:3 Natasha; casual's ghost, average DrTm


Innate Abilities, Weirdness & Mutations

Your natural rate of healing is unusually fast.
You can bottle blood from corpses.
You have razor-sharp teeth.
You have supernaturally acute eyesight.
You can survive without breathing.


Message History

* * * LOW HITPOINT WARNING * * *
Your crimson imp hits Natasha.
Your white imp gestures at Natasha.
The puff of frost hits Natasha.
Casual's ghost wails.
You barely miss Natasha.
Natasha is severely wounded.
Natasha misses you.
Your crimson imp hits Natasha.
Your white imp gestures at Natasha.
The puff of frost misses Natasha.
The puff of frost misses your crimson imp.
You swap places.
Natasha barely misses you.
Your crimson imp closely misses Natasha.
Your white imp closely misses Natasha.
Casual's ghost closely misses your crimson imp.
Drink which item? (? for menu, Esc to quit)
It was a potion of magic.
Magic courses through your body.
You hear the slow rusting of a drain, a long way away.
Natasha claws you.
You die...

# #.# #.# #.. # #.# #.#
### #.# # #.# #.# .. ...
####.###.##.# #.#
##......#.#.# #.#
#....#.#.#..#####.#
..........>....##.#
#...##.#.#..##.##†##
##.####...#.##.#@h5# #.#
##........5#........
#.####...#.##.#W..######
#..........##.##.##
#.####........# .# #÷#
##.####### .# #.# #.# ..
..# #.# .. .... ..# ..#


You could see Natasha, casual's ghost, a friendly crimson imp and a friendly
white imp.

Vanquished Creatures
  A giant mite (D:3)
  An adder (D:2)
  2 giant geckos (D:1)
  An ooze (D:1)
  A ball python (D:1)
  A giant cockroach (D:1)
  8 hobgoblins
  3 jackals (D:2)
  4 kobolds
  6 bats
  2 giant newts (D:2)
  5 goblins
  8 rats
43 creatures vanquished.

Vanquished Creatures (collateral kills)
  An iguana (D:3)
  An adder (D:2)
2 creatures vanquished.

Vanquished Creatures (others)
  A bat (D:1)
1 creature vanquished.

Grand Total: 46 creatures vanquished

Notes
Turn   | Place    | Note
--------------------------------------------------------------
     0 | D:1      | PolkaDot, the Vampire Summoner, began the quest for the Orb.
     0 | D:1      | Reached XP level 1. HP: 13/13 MP: 3/3
   189 | D:1      | Reached skill level 1 in Fighting
   307 | D:1      | Reached XP level 2. HP: 8/21 MP: 4/4
   384 | D:1      | Learned a level 2 spell: Call Imp
   959 | D:2      | Reached XP level 3. HP: 27/27 MP: 6/6
  1645 | D:2      | Learned a level 3 spell: Call Canine Familiar
  1737 | D:3      | Noticed Natasha
  1751 | D:3      | Noticed casual's ghost (average DrTm)
  1752 | D:3      | Reached XP level 4. HP: 9/35 MP: 0/7
  1757 | D:3      | Slain by Natasha

Action                   |  1- 3 |  4- 6 || total
-------------------------+-------+-------++-------
Melee: Short sword       |   153 |     3 ||   156
       Unarmed           |     1 |       ||     1
 Cast: Summon Small Mamm |     2 |       ||     2
       Call Imp          |     8 |       ||     8
  Use: Potion            |     9 |     1 ||    10
 Stab: Sleeping          |     8 |       ||     8
       Distracted        |     1 |       ||     1
       Confused          |     1 |       ||     1
  Eat: Corpse            |     6 |       ||     6
